 Dungeon Crawl Stone Soup version 0.23.0-3-gf3c87f2 (webtiles) character file.

Game seed: 2831176493211066110

97 Azzok the Firebug (level 4, 0/40 HPs)
             Began as an Octopode Fire Elementalist on Feb 22, 2019.
             Succumbed to a worker ant's poison
             ... on level 6 of the Dungeon.
             The game lasted 00:03:00 (2255 turns).

Azzok the Firebug (Octopode Fire Elementalist)      Turns: 2255, Time: 00:03:00

Health: 0/40       AC: 22    Str:  7    XL:     4   Next: 68%
Magic:  8/8        EV:  2    Int: 23    God:
Gold:   121        SH:  0    Dex: 12    Spells: 1/9 levels left

rFire    . . .     SeeInvis .   o - +5 flail (holy)
rCold    . . .     Gourm    .   (no shield)
rNeg     + + +     Faith    .   (helmet currently unavailable)
rPois    +         Spirit   .   i - amulet of the acrobat
rElec    .         Reflect  .   e - ring of protection from magic
rCorr    .         Harm     .   m - +5 ring of intelligence
MR       +....     NoTele   +   (no ring)
Stlth    ++........             (no ring)
HPRegen  0.13/turn              (no ring)
MPRegen  0.11/turn              (no ring)
                                (no ring)
                                (no ring)

@: lethally poisoned (0 -> -3), tree-form (expiring), acrobat, very slightly
contaminated
A: almost no armour, stealthy swim, (amphibious), 8 rings, (constrict 8)
a: no special abilities


You were on level 6 of the Dungeon.
You were not hungry.
You were a tree.
You visited 1 branch of the dungeon, and saw 4 of its levels.

You collected 121 gold pieces.

Inventory:

Hand Weapons
 o - a +5 flail of holy wrath (weapon)
Jewellery
 e - a ring of protection from magic (left branch)
 i - an amulet of the acrobat (around neck)
 m - a +5 ring of intelligence (right branch)
Scrolls
 d - a scroll of fog
 f - a scroll of random uselessness {unknown}
 g - a scroll of enchant armour
 h - a scroll of amnesia {unknown}
 k - a scroll of remove curse {unknown}
 l - 2 scrolls of identify
 n - a scroll of teleportation {unknown}
Potions
 a - a potion of magic
Comestibles
 b - 8 rations


   Skills:
 - Level 2.0 Dodging
 - Level 2.6 Stealth
 + Level 3.0 Spellcasting
 + Level 2.5 Conjurations
 + Level 3.8 Fire Magic


You had one spell level left.
You knew the following spells:

 Your Spells              Type           Power        Failure   Level  Hunger
a - Flame Tongue          Conj/Fire      ###..        3%          1    None
b - Conjure Flame         Conj/Fire      ###.....     10%         3    ###....
c - Sticky Flame          Conj/Fire      ###.....     30%         4    ####...

Your spell library contained the following spells:

 Spells                   Type           Power        Failure   Level  Hunger
 Throw Flame              Conj/Fire      ###...       4%          2    ##.....
 Inner Flame              Hex/Fire       ##......     16%         3    ###....
 Fireball                 Conj/Fire      ###.......   65%         5    ######.


Dungeon Overview and Level Annotations

Branches:
Dungeon (3/15)

Altars:
Xom


Innate Abilities, Weirdness & Mutations

You cannot wear most types of armour.
You are very stealthy in the water. (Stealth+)
((You are amphibious.))
You can wear up to eight rings at the same time.
((You can use your tentacles to constrict eight enemies at once.))
((Your skin changes colour to match your surroundings (Stealth+).))
((Your rubbery body absorbs attacks. (AC +1, EV +1)))


Message History

* * * LOW HITPOINT WARNING * * *
You feel sick.
* * * LOW HITPOINT WARNING * * *
You feel sick.
* * * LOW HITPOINT WARNING * * *
You feel sick.
Your transformation is almost over.
* * * LOW HITPOINT WARNING * * *
You feel sick.
Okay, then.
Casting: Flame Tongue (safe; 3% risk of failure)
Confirm with . or Enter, or press ? or * to list all spells.
You can't see any susceptible monsters within range! (Use Z to cast anyway.) Unknown command.
There is a lethal amount of poison in your body!
There is a lethal amount of poison in your body!
* * * LOW HITPOINT WARNING * * *
You feel sick.
Unknown command.
You die...

▒▒··▒▒▒··▒·▒
<··········▒
▒▒·▒▒▒·▒▒▒▒·▒
▒··········▒
▒▒·▒▒·▒▒▒▒▒▒
▒ ▒·▒ ▒$▒ ▒·▒
▒♣▒ ▒·▒ ▒·▒
··▒ ··▒ ▒··▒
▒▒>▒ ▒·▒


There were no monsters in sight!

Vanquished Creatures
  Terence (D:2)
  A worker ant (D:6)
  An adder (D:2)
  An ooze (D:1)
  A worm (D:2)
  2 dart slugs (D:1)
  4 bats
  2 giant cockroaches
  6 goblins
  4 hobgoblins
  3 frilled lizards
  2 kobolds
  2 rats (D:2)
30 creatures vanquished.

Notes
Turn   | Place    | Note
-------+----------+-------------------------------------------
     0 | D:1      | Azzok the Octopode Fire Elementalist began the quest for
                  | the Orb.
     0 | D:1      | Reached XP level 1. HP: 11/11 MP: 3/3
   324 | D:1      | Reached XP level 2. HP: 17/17 MP: 3/5
  1123 | D:2      | Reached XP level 3. HP: 6/21 MP: 0/6
  1642 | D:2      | Noticed Terence
  1651 | D:2      | Killed Terence
  1651 | D:2      | Reached XP level 4. HP: 24/27 MP: 2/8
  1885 | D:2      | Learned a level 3 spell: Conjure Flame
  1890 | D:2      | Learned a level 4 spell: Sticky Flame
  2222 | D:3      | Found a shimmering altar of Xom.
  2225 | D:3      | You fall through a shaft for 3 floors!
  2248 | D:6      | HP: 2/40 [poisoned by a worker ant]
  2253 | D:6      | HP: 1/40 [poisoned by a worker ant]
  2255 | D:6      | Succumbed to a worker ant's poison

Skill      XL: |  1  2  3  4 |
---------------+-------------+-----
Conjurations   | 2 |  2.5
Spellcasting   | 3 |  3.0
Dodging        | |  2.0
Stealth        | |  2.6
Fire Magic     | |  3.8

Action                   |  1- 3 |  4- 6 || total
-------------------------+-------+-------++-------
Melee: Unarmed           |     9 |       ||     9
       Constrict         |     5 |       ||     5
       Tentacles         |     3 |       ||     3
       Whip              |     5 |       ||     5
       Flail             |       |     1 ||     1
 Cast: Flame Tongue      |    36 |    16 ||    52
  Use: Scroll            |       |     3 ||     3
       Potion            |       |     2 ||     2
  Eat: Chunk             |     2 |     2 ||     4
Armor: Skin              |     1 |       ||     1
Dodge: Dodged            |    17 |     3 ||    20
